SA
ALAMEDA AIRMEN @ WALLA WALLA WALLEYE
09/03/2028
 
TOP OF THE 1ST
Alameda Airmen batting - Pitching for Walla Walla Walleye : LHP Steve Tedder
Pitching: LHP Steve Tedder
Batting: LHB Rodrigo Rodríguez 0-0: Called Strike
0-1: Ball
1-1: Foul Ball, location: 2F
1-2: Foul Ball, location: 2F
1-2: Ball
2-2: Foul Ball, location: 2F
2-2: Strikes out swinging
Batting: RHB Esteban Vázquez 0-0: Ball
1-0: Ball
2-0: Foul Ball, location: 2F
2-1: Foul Ball, location: 2F
2-2: Strikes out swinging
Batting: RHB Fernando Miranda 0-0: Ball
1-0: Ground out 5-3 (Groundball, 5)
Top of the 1st over - 0 run(s), 0 hit(s), 0 error(s), 0 left on base; Alameda 0 - Walla Walla 0
BOTTOM OF THE 1ST
Walla Walla Walleye batting - Pitching for Alameda Airmen : RHP Patrick Buzard
Pitching: RHP Patrick Buzard
Batting: RHB Armaan Ebrahim 0-0: Ball
1-0: Ball
2-0: Ball
3-0: Base on Balls
Batting: RHB Ramón Yniguez 0-0: Ball
1-0: Called Strike
1-1: Swinging Strike
1-2: Strikes out swinging
Batting: RHB Luis Delvalle 0-0: Ball
1-0: Swinging Strike
1-1: Called Strike
1-2: Foul Ball, location: 2F
1-2: Strikes out swinging
Batting: LHB Bennett Whitford 0-0: Ball
Armaan Ebrahim is caught stealing 2nd base
Bottom of the 1st over - 0 run(s), 0 hit(s), 0 error(s), 0 left on base; Alameda 0 - Walla Walla 0
TOP OF THE 2ND
Alameda Airmen batting - Pitching for Walla Walla Walleye : LHP Steve Tedder
Batting: RHB Mick Spargo 0-0: Ground out 5-3 (Groundball, 56)
Batting: LHB Da-Quan Hawkins-Muckle 0-0: Called Strike
0-1: Hit by Pitch
Batting: RHB Gérard Chesnutt 0-0: Ball
1-0: Ball
2-0: Ball
3-0: Base on Balls
Da-Quan Hawkins-Muckle to second
Batting: SHB Charles Weber 0-0: Foul Ball, location: 2F
0-1: DOUBLE (Groundball, 5L)
Da-Quan Hawkins-Muckle scores
Gérard Chesnutt to third
Batting: RHB Pedro Flores 0-0: Called Strike
0-1: Foul Ball, location: 2F
0-2: SINGLE (Groundball, 6MD)
Gérard Chesnutt scores
Charles Weber to third
Runner from 3rd tries for Home, SAFE, no throw
Batting: LHB Lukas Gleirscher 0-0: Ball
1-0: Foul Ball, location: 2F
1-1: Ball
2-1: Foul Ball, location: 2F
2-2: Ball
3-2: Strikes out swinging
Batting: LHB Rodrigo Rodríguez 0-0: Foul Ball, location: 2F
0-1: Foul Ball, location: 2F
0-2: Strikes out swinging
Top of the 2nd over - 3 run(s), 2 hit(s), 0 error(s), 1 left on base; Alameda 3 - Walla Walla 0
BOTTOM OF THE 2ND
Walla Walla Walleye batting - Pitching for Alameda Airmen : RHP Patrick Buzard
Batting: LHB Bennett Whitford 0-0: SINGLE (Line Drive, 89M)
Batting: RHB Dhyana Snigdha 0-0: Ball
Bennett Whitford steals 2nd base
1-0: Ball
2-0: Called Strike
2-1: Foul Ball, location: 2F
2-2: Ground out 6-3 (Groundball, 6)
Bennett Whitford to third
Batting: RHB Shuichi Saito 0-0: SINGLE (Groundball, 25) (infield hit)
Bennett Whitford scores
Batting: RHB Leonardo Medina 0-0: Ball
1-0: Called Strike
1-1: Foul Ball, location: 2F
1-2: Ball
2-2: Ball
3-2: Strikes out swinging
Batting: RHB Cody Jaeckel 0-0: Ball
1-0: Ball
2-0: Foul Ball, location: 2F
2-1: Fly out, F8 (Line Drive, 8LM)
Bottom of the 2nd over - 1 run(s), 2 hit(s), 0 error(s), 1 left on base; Alameda 3 - Walla Walla 1
TOP OF THE 3RD
Alameda Airmen batting - Pitching for Walla Walla Walleye : LHP Steve Tedder
Batting: RHB Esteban Vázquez 0-0: Ball
1-0: Called Strike
1-1: Ball
2-1: Swinging Strike
2-2: Strikes out swinging
Batting: RHB Fernando Miranda 0-0: Fly out, F8 (Flyball, 8LS)
Batting: RHB Mick Spargo 0-0: Called Strike
0-1: Ball
1-1: Ball
2-1: SOLO HOME RUN (Flyball, 7LD), Distance : 362 ft
Batting: LHB Da-Quan Hawkins-Muckle 0-0: Ball
1-0: Foul Ball, location: 2F
1-1: Swinging Strike
1-2: Reached via error on a dropped throw, E3
Batting: RHB Gérard Chesnutt 0-0: Foul Ball, location: 2F
0-1: SINGLE (Flyball, 78S)
Da-Quan Hawkins-Muckle to second
Batting: SHB Charles Weber 0-0: Fielders Choice at 2nd, 4-6 (Groundball, 4)
Top of the 3rd over - 1 run(s), 2 hit(s), 1 error(s), 1 left on base; Alameda 4 - Walla Walla 1
BOTTOM OF THE 3RD
Walla Walla Walleye batting - Pitching for Alameda Airmen : RHP Patrick Buzard
Batting: RHB Jimmy Fick 0-0: Called Strike
0-1: Foul Ball, location: 2F
0-2: Strikes out swinging
Batting: RHB Armaan Ebrahim 0-0: Ball
1-0: Ball
2-0: Foul Ball, location: 2F
2-1: Ground out 6-3 (Groundball, 6)
Batting: RHB Ramón Yniguez 0-0: Swinging Strike
0-1: Called Strike
0-2: Foul Ball, location: 2F
0-2: Strikes out swinging
Bottom of the 3rd over - 0 run(s), 0 hit(s), 0 error(s), 0 left on base; Alameda 4 - Walla Walla 1
TOP OF THE 4TH
Alameda Airmen batting - Pitching for Walla Walla Walleye : LHP Steve Tedder
Batting: RHB Pedro Flores 0-0: Ball
1-0: Called Strike
1-1: Called Strike
1-2: Strikes out looking
Batting: LHB Lukas Gleirscher 0-0: Ball
1-0: Swinging Strike
1-1: Called Strike
1-2: Ball
2-2: Strikes out swinging, 2-3 out at first.
Batting: LHB Rodrigo Rodríguez 0-0: Called Strike
0-1: Foul Ball, location: 2F
0-2: Foul Ball, location: 2F
0-2: Foul Ball, location: 2F
0-2: Ball
1-2: Ball
2-2: Fly out, F9 (Flyball, 9D)
Top of the 4th over - 0 run(s), 0 hit(s), 0 error(s), 0 left on base; Alameda 4 - Walla Walla 1
BOTTOM OF THE 4TH
Walla Walla Walleye batting - Pitching for Alameda Airmen : RHP Patrick Buzard
Batting: RHB Luis Delvalle 0-0: Ball
1-0: Swinging Strike
1-1: Fly out, F7 (Flyball, 7)
Batting: LHB Bennett Whitford 0-0: Called Strike
0-1: Ball
1-1: Ball
2-1: Called Strike
2-2: Ball
3-2: Foul Ball, location: 2F
3-2: Ground out 1-3 (Groundball, P)
Batting: RHB Dhyana Snigdha 0-0: Fly out, F8 (Flyball, 89D)
Bottom of the 4th over - 0 run(s), 0 hit(s), 0 error(s), 0 left on base; Alameda 4 - Walla Walla 1
TOP OF THE 5TH
Alameda Airmen batting - Pitching for Walla Walla Walleye : LHP Steve Tedder
Batting: RHB Esteban Vázquez 0-0: Ball
1-0: Ball
2-0: Ball
3-0: Called Strike
3-1: Fly out, F8 (Flyball, 8LS)
Batting: RHB Fernando Miranda 0-0: Foul Ball, location: 2F
0-1: Ball
1-1: Foul Ball, location: 2F
1-2: Ball
2-2: Strikes out swinging
Batting: RHB Mick Spargo 0-0: Fly out, F8 (Flyball, 8RS)
Top of the 5th over - 0 run(s), 0 hit(s), 0 error(s), 0 left on base; Alameda 4 - Walla Walla 1
BOTTOM OF THE 5TH
Walla Walla Walleye batting - Pitching for Alameda Airmen : RHP Patrick Buzard
Batting: RHB Shuichi Saito 0-0: Ball
1-0: Ground out 6-3 (Groundball, 6)
Batting: RHB Leonardo Medina 0-0: Called Strike
0-1: Ground out 4-3 (Groundball, 4)
Batting: RHB Cody Jaeckel 0-0: Ground out 4-3 (Groundball, 4)
Bottom of the 5th over - 0 run(s), 0 hit(s), 0 error(s), 0 left on base; Alameda 4 - Walla Walla 1
TOP OF THE 6TH
Alameda Airmen batting - Pitching for Walla Walla Walleye : LHP Steve Tedder
Batting: LHB Da-Quan Hawkins-Muckle 0-0: Ball
1-0: Ball
2-0: Called Strike
2-1: Called Strike
2-2: SINGLE (Groundball, 34D)
Batting: RHB Gérard Chesnutt 0-0: Ball
1-0: Ball
2-0: Bunted foul
2-1: Bunted foul
2-2: Foul Ball, location: 2F
2-2: Ball
3-2: Ground out 6-3 (Groundball, 6MD)
Da-Quan Hawkins-Muckle to second
Batting: SHB Charles Weber 0-0: Intentional Walk
Batting: RHB Pedro Flores 0-0: Foul Ball, location: 2F
0-1: Ball
1-1: Ball
Wild Pitch!
Da-Quan Hawkins-Muckle to third
Charles Weber to second
2-1: Fly out, F8 (Flyball, 8RM)
Runner from 3rd tags up, OUT at HOME
Top of the 6th over - 0 run(s), 1 hit(s), 0 error(s), 1 left on base; Alameda 4 - Walla Walla 1
BOTTOM OF THE 6TH
Walla Walla Walleye batting - Pitching for Alameda Airmen : RHP Patrick Buzard
Batting: RHB Jimmy Fick 0-0: Called Strike
0-1: Foul Ball, location: 2F
0-2: Strikes out swinging
Batting: RHB Armaan Ebrahim 0-0: Called Strike
0-1: TRIPLE (Flyball, 9LM)
Batting: RHB Ramón Yniguez 0-0: DOUBLE (Line Drive, 78D)
Armaan Ebrahim scores
Batting: RHB Luis Delvalle 0-0: Called Strike
0-1: Ball
1-1: Ball
2-1: Ball
3-1: Called Strike
3-2: Foul Ball, location: 2F
3-2: Foul Ball, location: 2F
3-2: Foul Ball, location: 2F
3-2: Foul Ball, location: 2F
3-2: Foul Ball, location: 2F
3-2: SINGLE (Groundball, 56D)
Ramón Yniguez to third
Runner from 3rd tries for Home, throw and OUT!
Luis Delvalle to second
Batting: LHB Bennett Whitford 0-0: Swinging Strike
0-1: Ball
1-1: Foul Ball, location: 2F
1-2: Ball
2-2: Foul Ball, location: 2F
2-2: Ball
3-2: Foul Ball, location: 2F
3-2: SINGLE (Flyball, 8LS) - OUT at second base trying to stretch hit.
Luis Delvalle scores
Bottom of the 6th over - 2 run(s), 4 hit(s), 0 error(s), 0 left on base; Alameda 4 - Walla Walla 3
TOP OF THE 7TH
Alameda Airmen batting - Pitching for Walla Walla Walleye : LHP Steve Tedder
Batting: LHB Lukas Gleirscher 0-0: Called Strike
0-1: Ball
1-1: Ball
2-1: Foul Ball, location: 2F
2-2: Foul Ball, location: 2F
2-2: Fly out, F8 (Flyball, 8RS)
Pitching: RHP Fernando Barraza
Batting: LHB Rodrigo Rodríguez 0-0: Ball
1-0: Foul Ball, location: 2F
1-1: Ball
2-1: Ball
3-1: Foul Ball, location: 2F
3-2: Base on Balls
Batting: RHB Esteban Vázquez 0-0: Ball
1-0: Called Strike
1-1: Foul Ball, location: 2F
1-2: Ball
Rodrigo Rodríguez steals 2nd base
2-2: Ball
3-2: Intentional Walk
Batting: RHB Fernando Miranda 0-0: Called Strike
Rodrigo Rodríguez is caught stealing 3rd base
Esteban Vázquez to second
0-1: Ball
1-1: Foul Ball, location: 2F
1-2: Ball
2-2: Strikes out swinging
Top of the 7th over - 0 run(s), 0 hit(s), 0 error(s), 1 left on base; Alameda 4 - Walla Walla 3
BOTTOM OF THE 7TH
Walla Walla Walleye batting - Pitching for Alameda Airmen : RHP Patrick Buzard
Batting: RHB Dhyana Snigdha 0-0: Ball
1-0: Ball
2-0: Swinging Strike
2-1: Foul Ball, location: 2F
2-2: Fly out, F8 (Flyball, 8LM)
Batting: RHB Shuichi Saito 0-0: Called Strike
0-1: Ball
1-1: Ball
2-1: DOUBLE (Line Drive, 78D)
Pitching: LHP Augusto Vélez
Pinch Hitting: RHB Bobby Ochs 0-0: Ball
1-0: Ball
2-0: Foul Ball, location: 2F
2-1: Ball
3-1: Foul Ball, location: 2F
3-2: SINGLE (Flyball, 8RS)
Shuichi Saito to third
Runner from 3rd tries for Home, SAFE, throw made home
Bobby Ochs to second
Batting: RHB Cody Jaeckel 0-0: Called Strike
0-1: Fly out, F9 (Flyball, 9LSF)
Batting: RHB Jimmy Fick 0-0: Ball
1-0: Called Strike
1-1: Swinging Strike
1-2: Ball
2-2: Foul Ball, location: 2F
2-2: Foul Ball, location: 2F
2-2: Foul Ball, location: 2F
2-2: Foul Ball, location: 2F
2-2: Strikes out swinging
Bottom of the 7th over - 1 run(s), 2 hit(s), 0 error(s), 1 left on base; Alameda 4 - Walla Walla 4
TOP OF THE 8TH
Alameda Airmen batting - Pitching for Walla Walla Walleye : RHP Fernando Barraza
Now in CF: Bobby Ochs
Batting: RHB Mick Spargo 0-0: Called Strike
0-1: Ball
1-1: Ball
2-1: Ground out 4-3 (Groundball, 34)
Batting: LHB Da-Quan Hawkins-Muckle 0-0: Called Strike
0-1: Ball
1-1: Called Strike
1-2: Ball
2-2: Strikes out swinging
Batting: RHB Gérard Chesnutt 0-0: Ball
1-0: Swinging Strike
1-1: Fly out, F5 (Line Drive, 5)
Top of the 8th over - 0 run(s), 0 hit(s), 0 error(s), 0 left on base; Alameda 4 - Walla Walla 4
BOTTOM OF THE 8TH
Walla Walla Walleye batting - Pitching for Alameda Airmen : LHP Augusto Vélez
Batting: RHB Armaan Ebrahim 0-0: Ball
1-0: Called Strike
1-1: Called Strike
1-2: Foul Ball, location: 2F
1-2: Foul Ball, location: 2F
1-2: Strikes out swinging
Pinch Hitting: RHB Rex Criscuolo 0-0: Ball
1-0: Called Strike
1-1: Fly out, F8 (Flyball, 8LS)
Batting: RHB Luis Delvalle 0-0: Ball
1-0: Swinging Strike
1-1: Called Strike
1-2: Strikes out swinging
Bottom of the 8th over - 0 run(s), 0 hit(s), 0 error(s), 0 left on base; Alameda 4 - Walla Walla 4
TOP OF THE 9TH
Alameda Airmen batting - Pitching for Walla Walla Walleye : RHP Fernando Barraza
Pitching: LHP Quan Shiu
Now at 2B: Rex Criscuolo
Pinch Hitting: RHB Teobaldo Pasquetto 0-0: Foul Ball, location: 2F
0-1: Ball
1-1: Fly out, F4 (Popup, 34D)
Pinch Hitting: RHB Arturo Urquiza 0-0: Ball
1-0: Foul Ball, location: 2F
1-1: Swinging Strike
1-2: Ball
2-2: Foul Ball, location: 2F
2-2: Ball
3-2: Foul Ball, location: 2F
3-2: Base on Balls
Pinch Hitting: RHB Phil Pettit 0-0: Ball
1-0: Ball
2-0: Fly out, F8 (Flyball, 8RS)
Batting: LHB Rodrigo Rodríguez 0-0: SINGLE (Line Drive, 89S)
Arturo Urquiza to second
Batting: RHB Esteban Vázquez 0-0: Called Strike
0-1: SINGLE (Line Drive, 78S)
Arturo Urquiza to third
Rodrigo Rodríguez to second
Runner from 3rd tries for Home, SAFE, no throw
Batting: RHB Fernando Miranda 0-0: Ball
1-0: Swinging Strike
1-1: Foul Ball, location: 2F
1-2: Strikes out swinging
Top of the 9th over - 1 run(s), 2 hit(s), 0 error(s), 2 left on base; Alameda 5 - Walla Walla 4
BOTTOM OF THE 9TH
Walla Walla Walleye batting - Pitching for Alameda Airmen : LHP Augusto Vélez
Pitching: RHP Marvin Cahill
Now at C: Fook Zhu
Now at 3B: Arturo Urquiza
Now at SS: Phil Pettit
Batting: LHB Bennett Whitford 0-0: Called Strike
0-1: Foul Ball, location: 2F
0-2: Ground out 4-3 (Groundball, 4S)
Pinch Hitting: LHB Javier Reyes 0-0: Called Strike
0-1: Ball
1-1: Ball
2-1: Foul Ball, location: 2F
2-2: DOUBLE (Line Drive, 9LM)
Batting: RHB Shuichi Saito 0-0: Swinging Strike
0-1: Foul Ball, location: 2F
0-2: Fly out, F8 (Flyball, 89M)
Batting: RHB Bobby Ochs 0-0: Called Strike
0-1: Foul Ball, location: 2F
0-2: Ball
1-2: Strikes out swinging
Bottom of the 9th over - 0 run(s), 1 hit(s), 0 error(s), 1 left on base; Alameda 5 - Walla Walla 4
Thursday, August 31st, 2017 - OOTP Baseball 17.12 Build 75